 Dungeon Crawl Stone Soup version 0.26.0-10-g1f06aea511 (webtiles) character file.

Game seed: 9942758082244035115

1936 MajorAdolf the Skirmisher (level 9, -5/123 HPs)
             Began as a Naga Wanderer on Jan 16, 2021.
             Was an Initiate of Gozag.
             Slain by a white ugly thing (32 damage)
             ... on level 7 of the Dungeon.
             The game lasted 00:08:15 (8176 turns).

MajorAdolf the Skirmisher (Naga Wanderer)           Turns: 8176, Time: 00:08:16

Health: -5/123     AC: 24    Str: 12    XL:     9   Next: 18%
Magic:  10/10      EV:  1    Int: 19    God:    Gozag
Gold:   612        SH:  4    Dex: 10    Spells: 7/10 levels left

rFire    . . .     SeeInvis +   y - +2 short sword (venom)
rCold    . . .     Faith    .   f - +0 buckler
rNeg     + + +     Spirit   .   (armour currently unavailable)
rPois    +         Reflect  .   (helmet currently unavailable)
rElec    .         Harm     .   (cloak currently unavailable)
rCorr    .         Rampage  .   (gloves currently unavailable)
Will     +....     NoTele   +   (no barding)
Stlth    ++........             (no amulet)
HPRegen  0.30/turn              (no ring)
MPRegen  0.12/turn              (no ring)

@: tree-form
A: large, see invisible, spit poison 1, AC +3
a: Spit Poison, Renounce Religion, Potion Petition, Call Merchant, Bribe Branch


You were on level 7 of the Dungeon.
You worshipped Gozag.
Gozag was pleased with you.
You were a tree.
You visited 2 branches of the dungeon, and saw 8 of its levels.

You collected 645 gold pieces.
You paid 33 gold pieces to Gozag.

Inventory:

Hand Weapons
 s - a +8 club
 y - a +2 short sword of venom (weapon)
 C - a +2 flail of holy wrath
Armour
 a - a scarf of repulsion (melded)
 b - a +2 scale mail (melded)
 f - a +0 buckler (worn)
 p - a +0 pair of gloves (melded)
 t - a +0 helmet (melded)
 F - the +2 robe "Jase Cas" {rPois Slay+4, unknown}
   (You found it on level 6 of the Dungeon)

   It affects your accuracy and damage with ranged weapons and melee attacks
   (+4).
   It protects you from poison.
Jewellery
 g - an uncursed ring of ice {unknown}
 h - an uncursed amulet of reflection {unknown}
 D - a cursed -4 ring of protection {unknown}
Scrolls
 d - 5 scrolls of identify {unknown}
 e - 2 scrolls of noise {unknown}
 k - 2 scrolls of teleportation {unknown}
 l - a scroll of fog {unknown}
 m - 2 scrolls of magic mapping {unknown}
 o - 2 scrolls of enchant weapon {unknown}
 v - a scroll of amnesia {unknown}
 w - a scroll of fear {unknown}
 x - a scroll of immolation {unknown}
 A - 2 scrolls of enchant armour {unknown}
 B - a scroll of remove curse {unknown}
 E - a scroll of holy word {unknown}
Potions
 c - 2 potions of lignification
 i - 2 potions of magic {unknown}
 j - a potion of might {unknown}
 n - 3 potions of curing {unknown}
 q - 2 potions of resistance {unknown}
 r - 2 potions of haste {unknown}
 u - a potion of degeneration {unknown}
 z - a potion of invisibility {unknown}


   Skills:
 + Level 6.1 Fighting
 - Level 3.0 Long Blades
 + Level 5.3 Armour
 + Level 4.6 Dodging
 - Level 1.5 Stealth
 + Level 4.4 Shields
 + Level 1.1 Spellcasting
 + Level 1.3 Ice Magic
 - Level 1.0 Evocations


You had 7 spell levels left.
You knew the following spells:

 Your Spells              Type           Power        Failure   Level
a - Ozocubu's Armour      Ice            6%           32%         3

Your spell library contained the following spells:

 Spells                   Type           Power        Failure   Level
 Freeze                   Ice            24%          11%         1
 Corona                   Hex            1%           19%         1
 Ensorcelled Hibernation  Hex/Ice        6%           22%         2
 Frozen Ramparts          Ice            12%          32%         3
 Confusing Touch          Hex            1%           50%         3
 Dazzling Flash           Conj/Hex       2%           50%         3
 Tukima's Dance           Hex            1%           50%         3
 Hailstorm                Conj/Ice       3%           80%         4
 Summon Ice Beast         Ice/Summ       3%           80%         4


Dungeon Overview and Level Annotations

Branches:
Dungeon (7/15)             Temple (1/1) D:4

Altars:
Ashenzari
Cheibriados
Dithmenos
Elyvilon
Fedhas
Gozag
Hepliaklqana
Kikubaaqudgha
Makhleb
Okawaru
Qazlal
Ru
Sif Muna
Trog
Uskayaw
Vehumet
Xom
Yredelemnul
Zin
The Shining One
Beogh

Shops:
D:5 }

Annotations:
D:5 3 runed translucent doors, jt's ghost, novice NaAr
D:6 1 runed translucent door


Innate Abilities, Weirdness & Mutations

You cannot wear boots.
((Your serpentine skin is tough. (AC +3)))
You have supernaturally acute eyesight. (SInv)
((Armour fits poorly on your strangely shaped body.))
((Your system is resistant to poisons. (rPois)))
((You cover ground very slowly.))
You can spit poison.


Message History

Your +0 pair of gloves melds into your body.
Your +2 scale mail melds into your body.
The haze of the repulsion field disappears.
Your roots penetrate the ground.
The white ugly thing headbutts you. The white ugly thing freezes you!
* * * LOW HITPOINT WARNING * * *
You hit the white ugly thing.
The white ugly thing looks as sick as possible!
The white ugly thing is lightly wounded.
The white ugly thing headbutts you but does no damage.
You barely miss the white ugly thing.
The white ugly thing is lightly wounded.
The white ugly thing headbutts you but does no damage.
You hit the white ugly thing but do no damage.
The white ugly thing is moderately wounded.
The white ugly thing headbutts you.
* * * LOW HITPOINT WARNING * * *
The white ugly thing freezes you!!
You die...
Your body crumbles into a pile of gold.

##.# ##...#
##.....#########
...)............ #
##...........###.##########
........(..................
#...................######
#....!...♣..###.###.#
..^.......u..###.###.######
##..#.(#.....##............
#.....#.....##..###.######
................###.#
.......#..#..........#
##..##.#..#.####.###># #..
#.#..#.# #.#)..# #..#.#
#.#.#.#


You could see a white ugly thing (extremely poisoned).

Vanquished Creatures
  Eustachio (D:5)
  Edmund (D:5)
  A water moccasin (D:5)
  An ice beast (D:6)
  A sky beast (D:5)
  An orc warrior (D:6)
  2 ogres
  2 centaurs
  2 bullfrogs (D:6)
  A scorpion (D:4)
  2 howler monkeys
  A crimson imp (D:2)
  An orc priest (D:6)
  A gnoll shaman (D:7)
  5 orc wizards
  6 worker ants
  Terence (D:3)
  Robin (D:2)
  10 gnolls
  9 adders
  An ufetubus (D:6)
  An ooze (D:2)
  2 worms (D:3)
  An adder skeleton (D:4)
  3 dart slugs
  A leopard gecko (D:2)
  15 orcs
  5 bats
  4 giant cockroaches
  17 goblins
  10 hobgoblins
  8 jackals (D:1)
  4 quokkas
  A ball python (D:5)
  6 frilled lizards
  2 jackal zombies
  12 kobolds
  A leopard gecko skeleton (D:6)
  9 rats
153 creatures vanquished.

Vanquished Creatures (others)
  3 plants
3 creatures vanquished.

Grand Total: 156 creatures vanquished

Notes
Turn   | Place    | Note
-------+----------+-------------------------------------------
     0 | D:1      | MajorAdolf the Naga Wanderer began the quest for the Orb.
     0 | D:1      | MajorAdolf set off with the following items: a +0 falchion,
                  | a +2 scale mail, a potion of lignification
     0 | D:1      | Reached XP level 1. HP: 19/19 MP: 1/1
    28 | D:1      | Reached XP level 2. HP: 4/26 MP: 2/2
    39 | D:1      | HP: 1/27 [bat (1)]
   631 | D:1      | Reached skill level 1 in Dodging
   631 | D:1      | Reached XP level 3. HP: 14/33 MP: 3/3
  1863 | D:2      | Reached XP level 4. HP: 40/40 MP: 4/4
  1929 | D:2      | Reached skill level 3 in Fighting
  2054 | D:2      | Reached skill level 1 in Shields
  2231 | D:2      | Found a burning altar of Makhleb.
  2238 | D:2      | Reached XP level 5. HP: 46/49 MP: 5/5
  2476 | D:3      | Noticed Robin
  2536 | D:2      | Killed Robin
  3067 | D:3      | Found a blossoming altar of Fedhas.
  3151 | D:3      | Noticed Terence
  3167 | D:3      | Killed Terence
  3519 | D:3      | Reached XP level 6. HP: 50/56 MP: 6/6
  3925 | D:4      | Found a staircase to the Ecumenical Temple.
  3939 | Temple   | Entered the Ecumenical Temple
  4007 | Temple   | Became a worshipper of Gozag Ym Sagoz the Greedy
  4520 | D:4      | Found an ancient bone altar of Kikubaaqudgha.
  4614 | D:4      | Reached skill level 4 in Fighting
  4614 | D:4      | Reached XP level 7. HP: 46/64 MP: 7/7
  5136 | D:5      | Entered Level 5 of the Dungeon
  5218 | D:5      | Noticed Eustachio
  5235 | D:5      | Killed Eustachio
  5416 | D:5      | Reached XP level 8. HP: 73/73 MP: 8/8
  5429 | D:5      | Noticed jt's ghost (novice NaAr)
  5433 | D:5      | Found a runed translucent gate.
  5433 | D:5      | Found a runed translucent gate.
  5433 | D:5      | Found a runed translucent gate.
  5434 | D:5      | Found a roughly hewn altar of Beogh.
  5435 | D:5      | Identified the cursed +1 scale mail of Hepliaklqana's Wrath
                  | {Int+3}
  5504 | D:5      | Found a broken altar of Ashenzari.
  5560 | D:5      | Reached skill level 5 in Fighting
  5709 | D:5      | Found Houq's Gadget Shop.
  5991 | D:5      | Found a sacrificial altar of Ru.
  6019 | D:5      | Found a hazy altar of Hepliaklqana.
  6019 | D:5      | Noticed Edmund
  6034 | D:5      | Killed Edmund
  6347 | D:6      | Reached skill level 5 in Armour
  6643 | D:6      | Found a glowing golden altar of the Shining One.
  7025 | D:6      | Found a runed translucent door.
  7096 | D:6      | Found a basalt altar of Yredelemnul.
  7105 | D:6      | Learned a level 3 spell: Ozocubu's Armour
  7123 | D:6      | Got an ancient robe
  7347 | D:6      | Reached XP level 9. HP: 39/82 MP: 9/9
  7754 | D:7      | Reached skill level 6 in Fighting
  7760 | D:6      | Reached skill level 1 in Ice Magic
  7786 | D:7      | Found a hide-covered altar of Uskayaw.
  7826 | D:7      | Reached skill level 1 in Spellcasting
  8164 | D:7      | Noticed a white ugly thing
  8176 | D:7      | Slain by a white ugly thing

Illustrated notes

Levels and vault maps discovered:
D:1:      eino_arrival_druids_welcome, layout_loops_ring,
          minmay_tree_intersection, feat_on_display
D:2:      layout_rooms, makhleb_grotto_becter, guppyfry_early_lair_pool
D:3:      layout_basic, fedhas_ov_isle_minmay, uniq_terence, uniq_robin
D:4:      layout_loops_cross, kiku_gazebo_pond_becter,
          minmay_temple_entry_mini_moons
D:5:      layout_rooms, marbit_many_paths, nzn_hepliaklqana_mist_gate,
          basic_altar, serial_shops, nicolae_shop_behind_doors,
          biasface_ghost_orc_armoury, uniq_eustachio, uniq_edmund
D:6:      layout_basic, basic_altar, dk_yredelemnul_ordeal
D:7:      layout_loops_ring, eat_drink_and_be_merry_uskayaw,
          uniq_crazy_yiuf_cottage
Temple:   eino_temple_lava

Skill      XL: |  1  2  3  4  5  6  7  8  9 |
---------------+----------------------------+-----
Dodging        | 1 2 3 4 |  4.6
Fighting       | 3 4 5 6 |  6.1
Armour         | 3 4 5 |  5.3
Shields        | 1 2 3 4 |  4.4
Ice Magic      | 1 |  1.3
Spellcasting   | 1 |  1.1
Long Blades    | |  3.0
Stealth        | |  1.5
Evocations     | |  1.0

Action                   |  1- 3 |  4- 6 |  7- 9 || total
-------------------------+-------+-------+-------++-------
Melee: Falchion          |    44 |       |       ||    44
       Short sword       |    74 |   180 |   265 ||   519
       Club              |       |    36 |       ||    36
 Abil: Spit Poison       |     7 |     3 |     2 ||    12
  Use: Potion            |       |       |     1 ||     1
 Stab: Distracted        |       |       |     1 ||     1
Armor: Scale mail        |    76 |   108 |    96 ||   280
       Skin              |       |       |     2 ||     2
Dodge: Dodged            |    56 |    63 |    95 ||   214
Block: Buckler           |     9 |    28 |    55 ||    92
       Rpst.: Falchion   |    13 |       |       ||    13
